 Dungeon Crawl Stone Soup version 0.31-a0-986-g5e6e4ef867 (webtiles) character file.

Game seed: 7870621285732598297

76 FakeRyeBread the Ruffian (level 4, -2/44 HPs)
             Began as a Troll Fighter on Nov 10, 2023.
             Slain by a gnoll
             ... wielding a +0 halberd
              (8 damage)
             ... on level 3 of the Dungeon.
             The game lasted 00:02:39 (1416 turns).

FakeRyeBread the Ruffian (Troll Fighter)            Turns: 1416, Time: 00:02:40

Health: -2/44      AC:  4    Str: 24    XL:     4   Next: 12%
Magic:  3/3        EV:  8    Int:  6    God:
Gold:   133        SH:  7    Dex:  9    Spells: 3/3 levels left

rFire   . .          .
                       - Unarmed
rCold   . . .        b - +0 kite shield
rNeg    . . .        a - +0 robe
rPois   .            (helmet restricted)
rElec   .            (no cloak)
rCorr   .            (gloves unavailable)
SInv    +            (boots unavailable)
Will    .....        (no amulet)
Stlth   +            i - ring of see invisible
HPRegen 1.07/turn    (no ring)
MPRegen 0.08/turn

%: no passive effects
@: no status effects
A: large, unfitting armour, claws 3, regeneration 1, shaggy fur 1, tough skin 1
a: no special abilities


You were on level 3 of the Dungeon.
You visited 1 branch of the dungeon, and saw 3 of its levels.

You collected 133 gold pieces.

Inventory:

Missiles
 d - 26 stones
Armour
 a - a +0 robe (worn)
 b - a +0 kite shield (worn)
Jewellery
 e - a ring of magical power
 i - a ring of see invisible (left claw)
Potions
 c - a potion of might
 f - 2 potions of curing {unknown}
 g - a potion of invisibility {unknown}
 h - a potion of magic {unknown}


   Skills:
 + Level 2.9 Fighting
 - Level 2.4 Dodging
 + Level 3.2 Shields
 * Level 3.4 Unarmed Combat


You had 3 spell levels left.
You didn't know any spells.
Your spell library contained the following spells:

 Spells                   Type           Power      Damage    Failure   Level
 Apportation              Tloc           0%         N/A       71%         1
 Necrotise                Necr           0%         1d4       71%         1
 Summon Small Mammal      Summ           0%         N/A       71%         1
 Ensorcelled Hibernation  Hex/Ice        0%         N/A       85%         2
 Jinxbite                 Hex            0%         N/A       85%         2
 Anguish                  Hex/Necr       0%         N/A       100%        4


Dungeon Overview and Level Annotations

Branches:
Dungeon (3/15)

Altars:


Innate Abilities, Weirdness & Mutations

You are too large for most types of armour.
You have claws for hands.
Your natural rate of healing is unusually fast.
You are covered in fur. (AC +1)
You have tough skin. (AC +1)


Message History

You now have 133 gold pieces (gained 7).
Found a blade talisman.
A gnoll comes into view. It is wielding a +0 halberd.
The gnoll shouts!
A gnoll is nearby!
Found a stone staircase leading up.
A gnoll comes into view. It is wielding a +0 whip.
A gnoll comes into view. It is wielding a +0 halberd.
The gnoll shouts!
A gnoll comes into view. It is wielding a +0 whip.
The gnoll shouts! x2
The gnoll hits you with a +0 halberd. The gnoll barely misses you.
The gnoll misses you.
You barely miss the gnoll.
The gnoll hits you from afar with a +0 halberd.
The gnoll hits you with a +0 halberd.
You claw the gnoll!
The gnoll is severely wounded.
The gnoll barely misses you. The gnoll hits you with a +0 halberd!
You claw the gnoll!
You kill the gnoll!
You block the gnoll's attack.
The gnoll hits you from afar with a +0 halberd!
You have reached level 4!
The gnoll attacks as it pursues you! The gnoll closely misses you.
The gnoll attacks as it pursues you!
The gnoll hits you from afar with a +0 halberd!
The gnoll attacks as it pursues you!
The gnoll hits you from afar with a +0 halberd!
* * * LOW HITPOINT WARNING * * *
The gnoll attacks as it pursues you!
The gnoll hits you from afar with a +0 halberd!
* * * LOW HITPOINT WARNING * * *
The gnoll attacks as it pursues you! The gnoll closely misses you.
You block the gnoll's attack.
You scratch the gnoll.
The gnoll is moderately wounded.
The gnoll hits you with a +0 halberd!
You die...

...............##.......#
#.............##...#.#.#
#.............##...#...#
##.............##...g.###
...............##...###
#.####...)...####...# #.#
#.#####.# ##.## #.# #.#
#.#####g# #.# #.#
#....@g.# #.# #.#
######### ..# #.# ### #.#
## #.# .# #.# .#####.#
.......# ######.#


You could see 2 gnolls.

Vanquished Creatures
  A gnoll (D:3)
  2 adders (D:2)
  2 dart slugs
  6 endoplasms
  5 giant cockroaches
  3 goblins
  2 hobgoblins (D:2)
  A quokka (D:2)
  A ball python (D:2)
  8 bats
  2 frilled lizards (D:2)
  8 kobolds
  4 rats
45 creatures vanquished.

Notes
Turn   | Place    | Note
-------+----------+-------------------------------------------
     0 | D:1      | FakeRyeBread the Troll Fighter began the quest for the Orb.
     0 | D:1      | Reached XP level 1. HP: 22/22 MP: 0/0
   132 | D:1      | Reached XP level 2. HP: 29/29 MP: 1/1
   856 | D:2      | Reached XP level 3. HP: 29/36 MP: 2/2
  1403 | D:3      | Reached XP level 4. HP: 21/44 MP: 3/3
  1412 | D:3      | HP: 1/44 [gnoll/+0 halberd (9)]
  1416 | D:3      | Slain by a gnoll

Illustrated notes

Levels and vault maps discovered:
D:1:      saegor_arrival_simple_c, layout_loops_ring, hangedman_decor_points
D:2:      layout_rooms, minmay_parallelograms, minmay_strange_pillars
D:3:      cheibrodos_greedy_goblins, layout_basic, uniq_natasha, uniq_grinder,
          uniq_jessica

Skill      XL: |  1  2  3 |
---------------+----------+-----
Shields        | 3 |  3.2
Unarmed Combat | 3 |  3.4
Fighting       | |  2.9
Dodging        | |  2.4

Action                     |  1- 3 |  4- 6 || total
---------------------------+-------+-------++-------
  Melee: Unarmed           |   100 |     1 ||   101
    Use: Scroll            |     1 |       ||     1
   Stab: Sleeping          |     1 |       ||     1
 Armour: Robe              |    64 |     4 ||    68
  Dodge: Dodged            |    31 |     2 ||    33
  Block: Kite shield       |    35 |     1 ||    36

Table legend: (Time is in decaauts)
 A = Elapsed time spent in this place.
 B = Non-inter-level travel time spent in this place.
 C = Inter-level travel time spent in this place.
 D = Time resting spent in this place.
 E = Time spent auto-exploring this place.
 F = Levels seen in this place.
 G = Mean time per level.
                   A        B        C        D        E       F      G
               +--------+--------+--------+--------+--------+-----+--------+
         Total |   1423 |   1360 |     63 |      0 |   1089 |   3 |  474.3 |
       Dungeon |   1423 |   1360 |     63 |      0 |   1089 |   3 |  474.3 |
               +--------+--------+--------+--------+--------+-----+--------+

Top non-repeatable levels by time:
     D:1: 706 daAuts
     D:2: 621 daAuts
     D:3: 95 daAuts
